AoeStats
← Baybars

Arabia

509376253Analyzed
1v1 RM · 7d ago on Sep 26, 2026· 25m 55s· 2 players
Game mode
Random Map
Map size
Tiny (2 player)
Population
200
Speed
Normal
Resources
Standard
Victory
Conquest
Starting age
Dark Age
Ending age
Imperial Age
RankedLock teamsTeams togetherTeam positionsShared explorationLock speedFull tech treeHidden civsTurbo modeCheats
Victory
Defeat
🇨🇭 Bulgarians · Switzerland
1284
+15
🇹🇷 Franks · Türkiye
1258
-15
Baybars
1:07 Loom
9:23 Feudal Age
9:49 Double-Bit Axe
24:02 Castle Age
22:42 Fletching
NinjaPenguin
6:54 Loom
9:42 Feudal Age
10:14 Double-Bit Axe
10:14 Horse Collar
16:54 Scale Barding Armor
17:46 Forging
21:38 Castle Age
20:01 Town Watch
20:36 Bloodlines
20:54 Fletching
22:41 Wheelbarrow
22:42 Chain Barding Armor
22:17 Light Cavalry
24:26 Bodkin Arrow
Connection lost

Rejoining the realm…

Still unreachable

The connection could not be restored.

Session expired

The server has moved on; the page needs a fresh start.